 Dungeon Sprint DCSS version 0.29-a0-993-g4a18f31a58 (webtiles) character file.

Game seed: 10451588741453954497

1252 mhtbhm the Grappler (level 8, 0/70 HPs)
             Began as a Troll Transmuter on Aug 3, 2022.
             Was an Initiate of Gozag.
             Slain by a gargoyle
             ... wielding a +0 morningstar
              (17 damage)
             ... in the Dungeon (Sprint IX: "|||||||||||||||||||||||||||||").
             The game lasted 00:01:33 (369 turns).

mhtbhm the Grappler (Troll Transmuter)               Turns: 369, Time: 00:01:34

Health: 0/70       AC:  0    Str: 21    XL:     8   Next: 26%
Magic:  11/14      EV: 11    Int:  9    God:    Gozag
Gold:   396        SH:  0    Dex: 10    Spells: 7/17 levels left

rFire   . . .      SeeInvis .     - Unarmed
rCold   . . .      Faith    .   (no shield)
rNeg    . . .      Spirit   .   a - +0 robe
rPois   .          Reflect  .   (helmet currently unavailable)
rElec   .          Harm     .   (no cloak)
rCorr   .          Rampage  .   (gloves unavailable)
Will    .....      NoTele   +   (boots unavailable)
Stlth   ++........              (no amulet)
HPRegen 1.01/turn               (no ring)
MPRegen 0.14/turn               (no ring)

@: appendages, wereblooded, corroded, gold aura
A: horns 2, talons 2, large, unfitting armour, claws 3, regeneration 1, shaggy
fur 1, tough skin 1
a: End Transformation, Renounce Religion, Potion Petition, Call Merchant, Bribe
Branch


You were in the Dungeon.
You worshipped Gozag.
Gozag was aware of your devotion.
You had temporarily grown beastly horns and talons.
You visited 1 branch You collected 396 gold pieces.

Inventory:

Armour
 a - a +0 robe (worn)
Jewellery
 k - a +2 ring of protection
 l - a +2 ring of evasion
Wands
 j - a wand of light (7)
Scrolls
 h - 2 scrolls of blinking
 i - 2 scrolls of amnesia
Potions
 b - a potion of lignification
 c - 4 potions of curing
 d - 2 potions of heal wounds
 e - a potion of haste
 f - 4 potions of magic
 g - a potion of invisibility


   Skills:
 + Level 1.5 Fighting
 + Level 5.6 Dodging
 + Level 1.6 Stealth
 + Level 13.1 Unarmed Combat
 + Level 5.1 Spellcasting
 + Level 5.5 Transmutations
 + Level 0.1 Poison Magic
 + Level 1.0 Evocations


You had 7 spell levels left.
You knew the following spells:

 Your Spells              Type           Power      Damage    Failure   Level
a - Beastly Appendage     Tmut           24%        N/A       2%          1
b - Wereblood             Tmut           12%        N/A       3%          2
c - Spider Form           Tmut/Pois      7%         N/A       22%         3
d - Ice Form              Ice/Tmut       7%         N/A       61%         4

Your spell library contained the following spells:

 Spells                   Type           Power      Damage    Failure   Level


Dungeon Overview and Level Annotations

Branches:
Dungeon (1/1)

Altars:
Cheibriados
Dithmenos
Elyvilon
Fedhas
Gozag
Hepliaklqana
Kikubaaqudgha
Makhleb
Nemelex Xobeh
Okawaru
Qazlal
Ru
Sif Muna
Trog
Uskayaw
Vehumet
Wu Jian
Xom
Yredelemnul
Zin
The Shining One
Jiyva
Lugonu


Innate Abilities, Weirdness & Mutations

You have temporarily grown beastly horns and talons.
You are too large for most types of armour.
You have claws for hands.
Your natural rate of healing is unusually fast.
You are covered in fur. (AC +1)
You have tough skin. (AC +1)


Message History

The green ugly thing is blinded.
The brown ugly thing misses you.
There is an open door here.
You mangle the brown ugly thing!! You claw the brown ugly thing.
You headbutt the brown ugly thing! Your claw misses the brown ugly thing.
The brown ugly thing is heavily wounded.
The brown ugly thing barely misses you.
You scratch the brown ugly thing but do no damage.
Your kick misses the brown ugly thing. You claw the brown ugly thing!
The brown ugly thing is severely wounded.
The brown ugly thing punches you. The acid corrodes you!
You are splashed with acid.
You closely miss the brown ugly thing. Your kick misses the brown ugly thing.
The brown ugly thing is severely wounded.
The brown ugly thing closely misses you.
You claw the brown ugly thing! You claw the brown ugly thing. x2
The brown ugly thing is almost dead.
The green ugly thing is no longer blind.
The gargoyle hurls a stone arrow at the brown ugly thing.
The stone arrow hits the brown ugly thing!
The brown ugly thing dies!
Your Unarmed Combat skill increases to level 13!
Your Spellcasting skill increases to level 5!
Your Evocations skill increases to level 1!
You have reached level 8!
The gargoyle hits you with a +0 morningstar!!
You see here 72 gold pieces.
You scratch the gargoyle but do no damage.
You claw the gargoyle, but do no damage.
You headbutt the gargoyle, but do no damage.
The two-headed ogre is no longer blind.
The gargoyle hurls a stone arrow at you.
The stone arrow hits you!!
* * * LOW HITPOINT WARNING * * *
Unknown command.
You barely miss the gargoyle. Your kick misses the gargoyle.
Your claw misses the gargoyle.
The gargoyle hits you with a +0 morningstar!
You die...
Your body crumbles into a pile of gold.

$ $
▓)▓
▓.▓
$
▓.▓
$
▓.▓
$ $
▓.▓
$
▓.▓
$
▓.▓
▓'▓
▓@▓
▓9▓
▓O▓
▓u▓
▓W▓
▓9▓
▓+▓


You could see a green ugly thing, a two-headed ogre, a wraith and 2 gargoyles.

Vanquished Creatures
  A hornet (D)
  A wyvern (D)
  A vampire mosquito (D)
  A steam dragon (D)
  An orc warrior (D)
  A phantom (D)
  A hound (D)
  An iguana (D)
  A gnoll (D)
  An orc (D)
  2 endoplasms (D)
  A bat (D)
  2 rats (D)
15 creatures vanquished.

Vanquished Creatures (others)
  An ugly thing (D)
  A shadow (D)
2 creatures vanquished.

Grand Total: 17 creatures vanquished

Notes
Turn   | Place    | Note
-------+----------+-------------------------------------------
     0 | D        | mhtbhm the Troll Transmuter began the quest for the Orb.
     0 | D        | Reached XP level 1. HP: 18/18 MP: 1/1
    20 | D        | Noticed a phantom
    20 | D        | Noticed an iguana
    20 | D        | Noticed a hound
    24 | D        | Killed a phantom
    25 | D        | Reached skill level 6 in Unarmed Combat
    25 | D        | Reached XP level 2. HP: 26/26 MP: 0/4
    25 | D        | Reached XP level 3. HP: 32/32 MP: 0/5
    25 | D        | Reached XP level 4. HP: 40/40 MP: 0/6
    80 | D        | Learned a level 2 spell: Wereblood
    84 | D        | Learned a level 3 spell: Spider Form
    94 | D        | Reached skill level 7 in Unarmed Combat
    98 | D        | Reached skill level 8 in Unarmed Combat
   101 | D        | Reached XP level 5. HP: 30/46 MP: 2/8
   108 | D        | Found a snail-covered altar of Cheibriados.
   108 | D        | Found a shadowy altar of Dithmenos.
   108 | D        | Found a white marble altar of Elyvilon.
   108 | D        | Found a blossoming altar of Fedhas.
   108 | D        | Found an opulent altar of Gozag.
   109 | D        | Found a hazy altar of Hepliaklqana.
   110 | D        | Found a viscous altar of Jiyva.
   111 | D        | Found an ancient bone altar of Kikubaaqudgha.
   112 | D        | Found a corrupted altar of Lugonu.
   113 | D        | Found a burning altar of Makhleb.
   114 | D        | Found a sparkling altar of Nemelex Xobeh.
   115 | D        | Found an iron altar of Okawaru.
   116 | D        | Found a stormy altar of Qazlal.
   117 | D        | Found a sacrificial altar of Ru.
   120 | D        | Became a worshipper of Gozag Ym Sagoz the Greedy
   123 | D        | Found a shimmering blue altar of Sif Muna.
   124 | D        | Found a bloodstained altar of Trog.
   125 | D        | Found a hide-covered altar of Uskayaw.
   126 | D        | Found a radiant altar of Vehumet.
   127 | D        | Found an ornate altar of the Wu Jian Council.
   128 | D        | Found a shimmering altar of Xom.
   129 | D        | Found a basalt altar of Yredelemnul.
   130 | D        | Found a glowing silver altar of Zin.
   131 | D        | Found a glowing golden altar of the Shining One.
   159 | D        | Noticed a shadow
   159 | D        | Noticed a steam dragon
   159 | D        | Noticed a wyvern
   159 | D        | Noticed an orc warrior
   159 | D        | Noticed a hornet
   159 | D        | Noticed a vampire mosquito
   161 | D        | Killed a shadow
   162 | D        | Reached skill level 1 in Fighting
   162 | D        | Reached skill level 9 in Unarmed Combat
   187 | D        | Learned a level 4 spell: Ice Form
   194 | D        | Killed a steam dragon
   195 | D        | Reached skill level 10 in Unarmed Combat
   195 | D        | Reached XP level 6. HP: 46/55 MP: 5/10
   195 | D        | Killed a wyvern
   196 | D        | Reached skill level 11 in Unarmed Combat
   198 | D        | Killed an orc warrior
   199 | D        | Reached XP level 7. HP: 60/62 MP: 6/12
   200 | D        | Paralysed by a hornet for 2 turns
   204 | D        | Killed a hornet
   204 | D        | HP: 2/62 [poisoned by a hornet]
   205 | D        | Reached skill level 5 in Dodging
   205 | D        | Reached skill level 12 in Unarmed Combat
   205 | D        | Reached skill level 5 in Transmutations
   207 | D        | Killed a vampire mosquito
   208 | D        | Reached skill level 1 in Stealth
   360 | D        | Noticed a gargoyle
   360 | D        | Noticed a brown ugly thing
   360 | D        | Noticed a two-headed ogre
   360 | D        | Noticed a green ugly thing
   360 | D        | Noticed a wraith
   360 | D        | Noticed a gargoyle
   366 | D        | Killed a brown ugly thing
   367 | D        | Reached skill level 13 in Unarmed Combat
   367 | D        | Reached skill level 5 in Spellcasting
   367 | D        | Reached skill level 1 in Evocations
   367 | D        | Reached XP level 8. HP: 59/70 MP: 11/14
   369 | D        | Slain by a gargoyle

Illustrated notes

Levels and vault maps discovered:
D:        linesprint [early_d, line_temple, items_1, d_10, items_2, lair_1,
          lair_end, items_3, orc_1, orc_end, items_4, d_15, swamp_1, shoals_1,
          snake_1, spider_1, d_20, vaults_1, items_5, swamp_end, shoals_end,
          snake_end, spider_end, vaults_end, d_27, items_6, zot_1, zot_end,
          crypt_end, forest_end, elf_end, slime_end, tomb_end, abyss_end,
          pan_hell_end]

Skill      XL: |  1  2  3  4  5  6  7 |
---------------+----------------------+-----
Dodging        | 2 3 4 5 |  5.6
Unarmed Combat | 6 8 10 11 13 | 13.1
Spellcasting   | 2 3 4 5 |  5.1
Transmutations | 2 3 4 5 |  5.5
Fighting       | 1 |  1.5
Stealth        | 1 |  1.6
Evocations     | 1 |  1.0
Poison Magic   | |  0.1

Action                   |  1- 3 |  4- 6 |  7- 9 || total
-------------------------+-------+-------+-------++-------
Melee: Unarmed           |    11 |    20 |    10 ||    41
       Headbutt          |     1 |     2 |     3 ||     6
       Punch             |     1 |       |     2 ||     3
       Kick              |       |     2 |     3 ||     5
 Cast: Beastly Appendage |     1 |     1 |     1 ||     3
       Wereblood         |       |     2 |     1 ||     3
       Spider Form       |       |     1 |       ||     1
Evoke: Wand              |       |     2 |     1 ||     3
  Use: Potion            |     1 |     1 |     1 ||     3
 Stab: Invisible         |       |     1 |     1 ||     2
Armor: Robe              |     2 |     6 |       ||     8
Dodge: Dodged            |     4 |    11 |     4 ||    19

Table legend: (Time is in decaauts)
 A = Elapsed time spent in this place.
 B = Non-inter-level travel time spent in this place.
 C = Inter-level travel time spent in this place.
 D = Time resting spent in this place.
 E = Time spent auto-exploring this place.
 F = Levels seen in this place.
 G = Mean time per level.
                   A        B        C        D        E       F      G
               +--------+--------+--------+--------+--------+-----+--------+
         Total |    379 |    379 |      0 |    220 |      3 |   1 |  379.0 |
       Dungeon |    379 |    379 |      0 |    220 |      3 |   1 |  379.0 |
               +--------+--------+--------+--------+--------+-----+--------+

Top non-repeatable levels by time:
       D: 379 daAuts
